 Dungeon Crawl Stone Soup version 0.31.0-32-g396128a36d (webtiles) character file.

Game seed: 11727368635415420961

18284 Curundu the Cleaver (level 12, -4/112 HPs)
             Began as a Minotaur Berserker on Apr 3, 2024.
             Was a Priest of Trog.
             Slain by a boulder beetle (18 damage)
             ... on level 12 of the Dungeon.
             The game lasted 00:31:32 (11655 turns).

Curundu the Cleaver (Minotaur Berserker)           Turns: 11655, Time: 00:31:33

Health: -4/112     AC: 28    Str: 26    XL:     12   Next: 26%
Magic:  11/11      EV:  9    Int:  4    God:    Trog [***...]
Gold:   816        SH: 10    Dex: 11    Spells: 11/11 levels left

rFire   . . .        i - +5 hand axe
rCold   . . .        n - +0 kite shield
rNeg    . . .        w - +8 plate armour {ponderous}
rPois   .            s - +0 hat
rElec   .            y - +0 cloak
rCorr   .            d - +0 pair of gloves
SInv    .            f - +0 pair of boots
Will    .....        p - amulet of the acrobat Stlth
                     (no ring)
HPRegen 0.38/turn    (no ring)
MPRegen 0.12/turn

%: acrobat
@: on berserk cooldown, slowed, very slow
A: horns 2, retaliatory headbutt
a: Renounce Religion, Berserk, Trog's Hand


You were on level 12 of the Dungeon.
You worshipped Trog.
Trog was most pleased with you.
You visited 1 branch of the dungeon, and saw 12 of its levels.
You also visited: Bailey.

You collected 816 gold pieces.

Inventory:

Hand Weapons
 i - a +5 hand axe (weapon)
Missiles
 l - 7 javelins
 r - 16 boomerangs (quivered)
Armour
 d - a +0 pair of gloves (worn)
 f - a +0 pair of boots (worn)
 n - a +0 kite shield (worn)
 s - a +0 hat (worn)
 t - a +0 crystal plate armour
 w - a +8 plate armour of ponderousness (worn)
 y - a +0 cloak (worn)
Jewellery
 p - an amulet of the acrobat (around neck)
 E - a ring of ice
Wands
 g - a wand of mindburst (27)
 o - a wand of quicksilver (10)
 x - a wand of charming (16)
 D - a wand of flame (10)
 H - a wand of roots (3)
Scrolls
 a - a scroll of poison
 e - a scroll of teleportation
 q - 3 scrolls of blinking
 v - a scroll of fog
 B - a scroll of revelation
 C - a scroll of silence
 F - a scroll of fear
 G - 2 scrolls of identify
Potions
 b - a potion of lignification
 c - a potion of enlightenment {unknown}
 h - a potion of resistance {unknown}
 j - 4 potions of curing
 k - a potion of invisibility {unknown}
 m - 2 potions of heal wounds
 u - a potion of mutation {unknown}
 z - 2 potions of haste
 A - 3 potions of might


   Skills:
 + Level 11.9 Fighting
 + Level 14.7 Axes
 + Level 12.0 Armour
 + Level 6.2 Dodging
 - Level 2.1 Stealth
 * Level 8.1 Shields


You had 11 spell levels left.
You didn't know any spells.
Your spell library was empty.

Dungeon Overview and Level Annotations

Branches:
Dungeon (12/15)            Temple (0/1) D:6            Lair (0/5) D:8
    Orc (0/2) D:11         Bailey (visited)

Altars:
Hepliaklqana
Nemelex Xobeh
Ru
Wu Jian
The Shining One

Shops:
D:3 *   D:4 !   D:7 =


Innate Abilities, Weirdness & Mutations

You have a pair of horns on your head.
You reflexively headbutt those who attack you in melee.


Message History

You miss the tengu conjurer.
Your headbutt misses the tengu conjurer.
The tengu conjurer is severely wounded.
You hit the boulder beetle but do no damage.
The boulder beetle closely misses you.
You miss the tengu conjurer.
Your headbutt misses the tengu conjurer.
The tengu conjurer is severely wounded.
You hit the boulder beetle.
The tengu conjurer hits you but does no damage.
The tengu conjurer misses you.
The tengu conjurer claws you but does no damage.
You slash the tengu conjurer!
You feel the power of Trog in you as your rage grows.
You kill the tengu conjurer!
Trog accepts your kill.
Trog appreciates your killing of a magic user.
You hit the boulder beetle. You block the boulder beetle's attack.
You see here a tengu corpse.
You slash the boulder beetle!
Your headbutt misses the boulder beetle.
The boulder beetle is moderately wounded.
The boulder beetle bites you!
* * * LOW HITPOINT WARNING * * *
You feel a strong urge to attack something.
The boulder beetle misses you. You furiously retaliate!
You headbutt the boulder beetle! The boulder beetle bites you!
* * * LOW HITPOINT WARNING * * *
You feel your anger nearly subside.
You are no longer berserk.
You are exhausted.
You feel yourself slow down.
A two-headed ogre comes into view. It is wielding two +0 giant clubs.
The boulder beetle misses you.
You hit the boulder beetle but do no damage.
You headbutt the boulder beetle.
The boulder beetle is heavily wounded.
The boulder beetle waves its antennae.
The boulder beetle bites you!!
You die...

##......#
....?...#
........# .#
........# .#
........# ..#
........# ...#
........####...##
###..............
#....†B@.....O.
#..............
#..............
#...[..........
#....%..>......
#.#####...###..
#. #...# . #
#####


You could see a boulder beetle and a two-headed ogre.

Vanquished Creatures
  A boulder beetle (D:12)
  A two-headed ogre (D:8)
  The ghost of mkat the Changeling, a novice TrSh of Uskayaw (D:7)
  Sonja (D:11)
  An orc knight (Bailey)
  A deep elf pyromancer (Bailey)
  An ugly thing (D:11)
  The ghost of Consumeair16 the Chopper, a novice DsGl of Wu Jian (D:6)
  3 cyclopes
  2 manticores
  Maurice (D:11)
  5 gargoyles
  2 kobold demonologists (D:10)
  An unseen horror (D:11)
  A komodo dragon (D:11)
  A tengu conjurer (D:12)
  2 trolls
  A hornet (D:9)
  A slime creature (D:12)
  A wyvern (D:8)
  25 yaks
  A wraith (D:11)
  A basilisk (D:8)
  2 steam dragons
  Edmund (D:4)
  A vampire mosquito (D:12)
  An acid dragon (D:9)
  2 water moccasins (D:6)
  3 orc warriors
  4 ice beasts
  2 sky beasts
  A black bear (D:8)
  6 ogres
  2 centaurs (D:10)
  2 kobold brigands
  4 bullfrogs
  A gnoll sergeant (D:10)
  3 scorpions (D:5)
  3 wights (D:8)
  7 killer bees
  6 howler monkeys
  2 bombardier beetles (D:4)
  A jelly (D:5)
  4 orc priests
  A gnoll bouda (D:8)
  2 hounds (D:5)
  3 sleepcaps
  Natasha (D:2)
  5 iguanas
  5 orc wizards
  Robin (D:2)
  6 adders
  6 gnolls
  A shadow imp (D:5)
  2 white imps
  A ribbon worm (D:3)
  A dart slug (D:1)
  25 orcs
  3 bats
  9 endoplasms
  A giant cockroach (D:3)
  17 goblins
  10 hobgoblins
  4 jackals (D:2)
  7 kobolds
  2 quokkas
  5 ball pythons
  4 frilled lizards
  6 rats
  A spectral hobgoblin (D:8)
243 creatures vanquished.

Notes
Turn   | Place    | Note
-------+----------+-------------------------------------------
     0 | D:1      | Curundu the Minotaur Berserker began the quest for the Orb.
     0 | D:1      | Reached XP level 1. HP: 19/19 MP: 0/0
   126 | D:1      | Reached XP level 2. HP: 27/27 MP: 1/1
   174 | D:1      | Reached skill level 4 in Axes
   739 | D:2      | Reached XP level 3. HP: 32/33 MP: 2/2
   743 | D:2      | Reached ** piety under Trog
  1068 | D:2      | Noticed Natasha
  1080 | D:2      | Killed Natasha
  1081 | D:2      | Reached XP level 4. HP: 26/41 MP: 3/3
  1155 | D:2      | Noticed Robin
  1166 | D:2      | Killed Robin
  1167 | D:2      | Reached skill level 5 in Fighting
  1381 | D:3      | Found Leur's General Store.
  2033 | D:3      | Reached XP level 5. HP: 34/48 MP: 4/4
  2046 | D:3      | Reached skill level 5 in Axes
  2455 | D:4      | Found Vutasysm's Distillery.
  2457 | D:4      | Noticed a sky beast
  2467 | D:4      | Killed a sky beast
  2468 | D:4      | Reached XP level 6. HP: 46/56 MP: 5/5
  2604 | D:4      | Noticed Edmund
  2611 | D:4      | Killed Edmund
  2612 | D:4      | Reached skill level 6 in Axes
  2612 | D:4      | Reached skill level 1 in Stealth
  2817 | D:4      | Reached XP level 7. HP: 62/62 MP: 6/6
  3216 | D:5      | Entered Level 5 of the Dungeon
  3228 | D:5      | Reached skill level 7 in Axes
  3679 | D:5      | Reached skill level 8 in Axes
  3679 | D:5      | Reached XP level 8. HP: 56/71 MP: 7/7
  4249 | D:6      | Reached skill level 5 in Dodging
  4324 | D:6      | Reached skill level 5 in Armour
  4440 | D:6      | Found an ornate altar of the Wu Jian Council.
  4571 | D:6      | Found a runed translucent door.
  4574 | D:6      | Noticed Consumeair16's ghost (novice DsGl)
  4590 | D:6      | Killed Consumeair16's ghost
  4591 | D:6      | Reached skill level 9 in Axes
  4738 | D:6      | Reached XP level 9. HP: 80/80 MP: 8/8
  4861 | D:6      | Reached *** piety under Trog
  4948 | D:6      | Reached skill level 10 in Axes
  5018 | D:6      | Found a glowing golden altar of the Shining One.
  5039 | D:6      | Found a staircase to the Ecumenical Temple.
  5945 | D:7      | Found Fugaik's Jewellery Boutique.
  6110 | D:7      | Found a transporter.
  6111 | D:7      | Noticed mkat's ghost (novice TrSh)
  6115 | D:7      | Identified the +4 great mace of Geleco {elec, Str-5 Int+5}
  6123 | D:7      | Found a transporter.
  6147 | D:7      | Killed mkat's ghost
  6148 | D:7      | Reached skill level 11 in Axes
  6344 | D:8      | Noticed a two-headed ogre
  6371 | D:8      | Killed a two-headed ogre
  6372 | D:8      | Reached XP level 10. HP: 60/91 MP: 9/9
  6718 | D:8      | Found a hazy altar of Hepliaklqana.
  6892 | D:8      | Found a sparkling altar of Nemelex Xobeh.
  6914 | D:8      | Noticed a cyclops
  6921 | D:8      | Killed a cyclops
  6922 | D:8      | Reached skill level 12 in Axes
  6981 | D:8      | Found a staircase to the Lair.
  7338 | D:9      | Reached skill level 13 in Axes
  7339 | D:9      | Reached skill level 10 in Armour
  7829 | D:9      | Reached skill level 10 in Fighting
  7978 | D:9      | Reached XP level 11. HP: 100/100 MP: 10/10
  8143 | D:9      | Found a sacrificial altar of Ru.
  8232 | D:9      | Found a faded altar of an unknown god.
  8370 | D:10     | Entered Level 10 of the Dungeon
  8398 | D:10     | Reached skill level 14 in Axes
  8532 | D:10     | Reached skill level 1 in Shields
  8727 | D:10     | Noticed a soul eater
  8733 | D:10     | Noticed a sixfirhy
  8952 | D:10     | Found a flagged portal.
  8970 | Bailey   | Entered a bailey
  9017 | Bailey   | Reached **** piety under Trog
  9018 | Bailey   | Found a large runed translucent door.
  9018 | Bailey   | Found a large runed translucent door.
  9019 | Bailey   | Noticed a deep elf pyromancer
  9022 | Bailey   | Noticed an orc knight
  9054 | Bailey   | Killed an orc knight
  9312 | Bailey   | Killed a deep elf pyromancer
  9900 | D:11     | Noticed a red ugly thing
  9915 | D:11     | Killed a red ugly thing
 10072 | D:11     | Reached skill level 5 in Shields
 10187 | D:11     | Noticed Maurice
 10199 | D:11     | Something stole 7 javelins
 10201 | D:11     | Something stole a ring of ice
 10211 | D:11     | Killed Maurice
 10412 | D:11     | Found a staircase to the Orcish Mines.
 10662 | D:11     | Reached XP level 12. HP: 97/111 MP: 11/11
 10798 | D:11     | Noticed Sonja
 10831 | D:11     | Killed Sonja
 11229 | D:12     | Noticed a boulder beetle
 11265 | D:12     | Killed a boulder beetle
 11531 | D:12     | Noticed a boulder beetle
 11568 | D:12     | Noticed a boulder beetle
 11639 | D:12     | Noticed a boulder beetle
 11654 | D:12     | Noticed a two-headed ogre
 11655 | D:12     | Slain by a boulder beetle

Illustrated notes

Levels and vault maps discovered:
D:1:      lemuel_arrival_funnel, layout_basic, serial_bayou_crossing
D:2:      layout_loops_ring, uniq_natasha, uniq_robin
D:3:      layout_basic, serial_shops, shop, minmay_misc_feat_ornament
D:4:      layout_loops_ring, serial_shops, shop, due_unseen_surprise,
          uniq_edmund
D:5:      layout_gridville, serial_glass, glass_columns_c, glass_columns_a,
          glass_columns_c, glass_columns_b, item_on_display_a,
          due_unseen_surprise, minmay_misc_feat_encased,
          hangedman_abyss_or_decor_jellyfish_corner,
          amcnicky_mini_corridor_feature, serial_park_tiny_pond,
          minmay_chambers_of_fives
D:6:      layout_basic, tso_altar, lemuel_doored_altar,
          minmay_temple_entry_mist, ebering_ghost_reflecting_pool,
          corexii_checkpoint
D:7:      layout_rooms, gammafunk_ghost_smash, serial_shops,
          nicolae_shop_gaudy_bauble
D:8:      layout_loops_cross, nicolae_hepliaklqana_monster_ancestors,
          mainiacjoe_overflow_paths, david_lair_generic
D:9:      layout_big_octagon, amcnicky_altar_gilded, serial_column_ruins,
          column_ruins_temple_hall, column_ruins_hut, column_ruins_corridor_T,
          column_ruins_open_tiny, column_ruins_columns_dead_end,
          column_ruins_corridor_straight, column_ruins_grid_1
D:10:     layout_irregular_city, enter_bailey_2,
          serial_library_hellmonk_small_alcove, st_stairs_11
D:11:     layout_loops_ring, orc_0_dummy, minivault_27, uniq_maurice, uniq_sonja
D:12:     minmay_imperfect_grid, layout_irregular_city

Skill      XL: |  1  2  3  4  5  6  7  8  9 10 11 12 |
---------------+-------------------------------------+-----
Axes           | 4 5 6 8 9 11 13 14 | 14.7
Fighting       | 4 5 6 7 9 10 11 | 11.9
Armour         | 3 4 6 8 10 11 12 | 12.0
Dodging        | 3 4 5 6 |  6.2
Stealth        | 1 2 |  2.1
Shields        | 6 8 |  8.1

Action                     |  1- 3 |  4- 6 |  7- 9 | 10-12 || total
---------------------------+-------+-------+-------+-------++-------
  Melee: Hand axe          |    49 |   108 |   253 |   541 ||   951
         Headbutt          |     5 |    19 |    42 |   148 ||   214
         Punch             |       |     1 |     2 |     2 ||     5
 Invoke: Trog's Hand       |     1 |     2 |     2 |     7 ||    12
         Berserk           |       |     1 |     3 |     6 ||    10
    Use: Scroll            |       |       |    17 |     5 ||    22
         Potion            |       |       |       |     3 ||     3
 Armour: Animal skin       |    27 |    45 |       |       ||    72
         Chain mail        |       |    14 |   117 |       ||   131
         Plate armour      |       |       |    35 |   394 ||   429
         Crystal plate arm |       |       |       |     2 ||     2
  Dodge: Dodged            |    39 |    35 |   122 |   256 ||   452
  Block: Kite shield       |       |       |       |   147 ||   147
